 Dungeon Crawl Stone Soup version 0.21.1-1-g345015f (webtiles) character file.

268 varam the Chiller (level 6, -12/32 HPs)
             Began as a Gargoyle Ice Elementalist on June 25, 2018.
             Was an Initiate of Vehumet.
             Mangled by an ogre
             ... wielding a +0 giant spiked club
              (29 damage)
             ... on level 4 of the Dungeon.
             The game lasted 00:18:19 (3810 turns).

varam the Chiller (Gargoyle Ice Elementalist)       Turns: 3810, Time: 00:18:20

Health: -12/32     AC:  7    Str: 12    XL:     6   Next: 21%
Magic:  10/11      EV: 12    Int: 17    God:    Vehumet [......]
Gold:   192        SH:  0    Dex: 10    Spells: 6/12 levels left

rFire    + + .     SeeInvis .   s - +8 long sword "Kusut" {pain, rF++}
rCold    . . .     Gourm    .   (no shield)
rNeg     + . .     Faith    .   a - +0 robe
rPois    ∞         Spirit   .   (no helmet)
rElec    +         Reflect  .   q - +0 cloak
rCorr    .         Harm     .   (no gloves)
MR       .....                  (no boots)
Stlth    ++........             (no amulet)
HPRegen  0.10/turn              o - +3 ring of slaying
MPRegen  0.12/turn              (no ring)

@: no status effects
A: negative energy resistance 1, electricity resistance, unbreathing,
petrification resistance, rot immunity, AC +4
a: Renounce Religion


You were on level 4 of the Dungeon.
You worshipped Vehumet.
Vehumet was noncommittal.
You were not hungry.

You visited 2 branches of the dungeon, and saw 6 of its levels.

You collected 192 gold pieces.

Inventory:

Hand Weapons
 d - a +0 spear
 s - the +8 long sword "Kusut" (weapon) {pain, rF++}
   (You found it on level 4 of the Dungeon)

   In the hands of one skilled in necromantic magic, it inflicts extra damage on
   living creatures.
   It greatly protects you from fire.
Missiles
 e - 19 poisoned needles
 k - 9 tomahawks (quivered)
Armour
 a - a +0 robe (worn)
 h - a +0 buckler
 q - a +0 cloak (worn)
Jewellery
 o - a +3 ring of slaying (left hand)
Scrolls
 f - a scroll of enchant weapon
 g - a scroll of identify
 l - 2 scrolls of magic mapping
 m - a scroll of noise
 n - 3 scrolls of remove curse
Potions
 i - a potion of curing {unknown}
 p - a potion of berserk rage {unknown}
Books
 b - a book of Frost

   Spells                             Type                      Level
   a - Freeze                         Ice                          1
   b - Throw Frost                    Conjuration/Ice              2
   c - Ozocubu's Armour               Charms/Ice                   3
   d - Throw Icicle                   Conjuration/Ice              4
   e - Summon Ice Beast               Ice/Summoning                4
 r - a book of Debilitation

   Spells                             Type                      Level
   a - Corona                         Hexes                        1
   b - Slow                           Hexes                        2
   c - Inner Flame                    Hexes/Fire                   3
   d - Portal Projectile              Hexes/Translocation          3
   e - Cause Fear                     Hexes                        4
   f - Leda's Liquefaction            Hexes/Earth                  4
Comestibles
 c - 6 rations


   Skills:
 - Level 1.5 Dodging
 - Level 2.1 Stealth
 + Level 0.9 Shields
 - Level 3.5 Spellcasting
 - Level 1.1 Conjurations
 * Level 5.8 Ice Magic


You had 6 spell levels left.
You knew the following spells:

 Your Spells              Type           Power        Failure   Level  Hunger
a - Freeze                Ice            ###.         1%          1    None
b - Throw Frost           Conj/Ice       ##....       6%          2    ##.....
c - Ozocubu's Armour      Chrm/Ice       ##......     16%         3    ###....


Dungeon Overview and Level Annotations

Branches:
Dungeon (5/15)             Temple (1/1) D:4

Altars:
Ashenzari
Cheibriados
Dithmenos
Elyvilon
Fedhas
Gozag
Hepliaklqana
Kikubaaqudgha
Makhleb
Nemelex Xobeh
Okawaru
Qazlal
Ru
Sif Muna
Trog
Uskayaw
Vehumet
Wu Jian
Yredelemnul
Zin
The Shining One

Annotations:
D:3 Aliochah's ghost, amateur MfGl; Natasha


Innate Abilities, Weirdness & Mutations

You are resistant to torment.
Your stone body is resilient. (AC +4)
You are immune to poison.
You resist negative energy. (rN+)
You are resistant to electric shocks. (rElec)
You can survive without breathing.
You are immune to petrification.
You are immune to rotting.


Message History

There is a staircase back to the Dungeon here.
You climb upwards.
Welcome back to the Dungeon!
The ogre is too close now for your liking.
There is a staircase to the Ecumenical Temple here.
Casting: Throw Frost
Confirm with . or Enter, or press ? or * to list all spells.
Aiming: Freeze
Press: ? - help, Shift-Dir - straight line, f - ogre
Aim: an ogre, wielding a giant spiked club You freeze the ogre.
The ogre is moderately wounded.
The ogre hits you with a giant spiked club!
You hit the ogre.
The ogre is heavily wounded.
The ogre misses you.
You slash the ogre!
The ogre is almost dead.
The ogre hits you with a giant spiked club!!
Ouch! That really hurt!
You die...

#.# #.......# #.#
#.......#
####.#### #..#
##+# ##.#.....
#.........
###.#....... #
#...#....... #
#O@.##.##.## #
.....Z.$........#
####
..w..#######.#..#
#... ..... #....#
#.## ....
###....# #.# ...
#....># #.# ...
....#...# #.# #
###.# ###.# #÷#
#...#


You could see an ogre, a worm and a howler monkey skeleton.

Vanquished Creatures
  A scorpion (D:4)
  Crazy Yiuf (D:2)
  An orc wizard (D:3)
  4 gnolls
  4 adders
  An adder skeleton (D:4)
  A worm (D:2)
  2 dart slugs
  2 leopard geckos
  5 orcs
  6 bats
  5 giant cockroaches
  6 goblins
  7 hobgoblins
  9 jackals
  A quokka (D:2)
  9 frilled lizards
  7 kobolds
  A quokka zombie (D:4)
  6 rats
79 creatures vanquished.

Notes
Turn   | Place    | Note
-------+----------+-------------------------------------------
     0 | D:1      | varam the Gargoyle Ice Elementalist began the quest for the Orb.
     0 | D:1      | Reached XP level 1. HP: 10/10 MP: 3/3
   259 | D:1      | Reached XP level 2. HP: 15/15 MP: 3/5
   263 | D:1      | Learned a level 2 spell: Throw Frost
   516 | D:1      | Reached XP level 3. HP: 19/19 MP: 6/6
  1029 | D:2      | Reached skill level 4 in Ice Magic
  1111 | D:2      | Learned a level 3 spell: Ozocubu's Armour
  1205 | D:2      | Reached XP level 4. HP: 18/24 MP: 1/8
  1385 | D:2      | Reached skill level 3 in Spellcasting
  1711 | D:2      | Reached XP level 5. HP: 25/28 MP: 0/9
  1759 | D:2      | Found a runed door.
  1785 | D:2      | Noticed Crazy Yiuf
  1792 | D:2      | Killed Crazy Yiuf
  1792 | D:2      | Reached skill level 5 in Ice Magic
  2164 | D:3      | Noticed Natasha
  2205 | D:3      | Noticed Aliochah's ghost (amateur MfGl)
  3247 | D:5      | Entered Level 5 of the Dungeon
  3411 | D:4      | Reached XP level 6. HP: 32/32 MP: 0/11
  3493 | D:4      | Got an ancient long sword
  3494 | D:4      | Identified the +8 long sword "Kusut" {pain, rF++} (You found it on level 4 of the Dungeon)
  3502 | D:4      | Found a staircase to the Ecumenical Temple.
  3509 | Temple   | Entered the Ecumenical Temple
  3776 | Temple   | Became a worshipper of Vehumet
  3810 | D:4      | Mangled by an ogre

Skill      XL: |  1  2  3  4  5 |
---------------+----------------+-----
Ice Magic      | 4 5 |  5.8
Spellcasting   | 3 |  3.5
Dodging        | |  1.5
Stealth        | |  2.1
Shields        | |  0.9
Conjurations   | |  1.1

Action                   |  1- 3 |  4- 6 || total
-------------------------+-------+-------++-------
Melee: Spear             |    95 |    53 ||   148
       Unarmed           |       |    23 ||    23
       Long sword        |       |     2 ||     2
Throw: Tomahawk          |     4 |     6 ||    10
 Cast: Freeze            |    27 |    46 ||    73
       Throw Frost       |     9 |    20 ||    29
       Ozocubu's Armour  |       |     3 ||     3
  Use: Scroll            |       |     4 ||     4
       Potion            |       |     3 ||     3
 Stab: Sleeping          |     2 |       ||     2
  Eat: Chunk             |     2 |     3 ||     5
       Ration            |       |     2 ||     2
Armor: Robe              |    46 |    42 ||    88
       Skin              |       |    60 ||    60
Dodge: Dodged            |    90 |    71 ||   161
Block: Buckler           |       |    15 ||    15
